[Event "Titled Tuesday Blitz January 31 Late 2023"]
[White "Phillips, Rene"]
[Black "Melikhov, Evgeny V."]
[WhiteFideId "2056275"]
[BlackFideId "4122046"]
[WhiteElo "1852"]
[BlackElo "2269"]
[Result "0-1"]
[Round "03"]
[TimeControl "180+2"]
[Date "2023.01.31"]
[WhiteClock "0:00:01"]
[BlackClock "0:00:31"]

1. Nf3 f5 2. d4 Nf6 3. Bf4 g6 4. e3 Bg7 5. Bc4 d5 6. Be2 O-O 7. h4 h6 8. Ne5 Kh7 9. h5 g5 10. Bh2 Nfd7 11. Ng6 Rf7 12. Nc3 c6 13. g4 Nf8 14. gxf5 Bxf5 15. Nxf8+ Qxf8 16. Bd3 Nd7 17. Bg3 e5 18. Bxf5+ Rxf5 19. Qd3 e4 20. Qe2 b5 21. O-O-O a5 22. Qg4 Qf7 23. Kb1 a4 24. a3 Nb6 25. Na2 Bf8 26. c3 Nc4 27. Nb4 Bxb4 28. cxb4 Rf8 29. Rc1 Qe6 30. Rc2 R8f6 31. Qh3 Rf3 32. Qxe6 Rxe6 33. Rh2 Nxe3 34. fxe3 Rxg3 35. Rcf2 Rf3 36. Re2 Ref6 37. Kc2 Rf1 38. Kd2 R6f3 39. Kc2 Kg7 40. Rhg2 Kf6 0-1


[Site "https://www.chess.com"]

[Event "Titled Tuesday Blitz January 31 Late 2023"]
[White "Chabris, Christopher"]
[Black "Peatman, Carter"]
[WhiteFideId "2005263"]
[BlackFideId "2096480"]
[WhiteElo "2053"]
[BlackElo "1998"]
[Result "0-1"]
[Round "03"]
[TimeControl "180+2"]
[Date "2023.01.31"]
[WhiteClock "0:00:10"]
[BlackClock "0:00:07"]

1. e4 c6 2. d4 d5 3. e5 Bf5 4. Nf3 e6 5. Be2 c5 6. Be3 Nc6 7. dxc5 Qa5+ 8. c3 Qc7 9. Bd4 Nge7 10. b4 a6 11. Bd3 Ng6 12. Bxf5 exf5 13. O-O Be7 14. Re1 Qd7 15. Nbd2 O-O 16. Nf1 Rfe8 17. Qd3 Nf4 18. Qd2 Ne6 19. Ng3 g6 20. a3 Qd8 21. Rad1 Na7 22. Be3 a5 23. Nd4 Nc6 24. f4 axb4 25. axb4 Ncxd4 26. Bxd4 Qd7 27. Ra1 Qb5 28. Qe2 Nxd4 29. cxd4 Qxb4 30. Qd3 Qb2 31. Rab1 Qa2 32. Rxb7 Ra3 33. Qb5 Raa8 34. e6 fxe6 35. Rxe6 Qa1+ 36. Nf1 Qxd4+ 37. Kh1 Qxf4 38. Rexe7 Rxe7 39. Rxe7 d4 40. Qc4+ Kh8 41. c6 Ra1 42. Re8+ Kg7 43. Rg8+ Kh6 44. Kg1 Qe3+ 45. Kh1 Qf2 46. h4 Rxf1+ 47. Kh2 Qxh4# 0-1


[Site "https://www.chess.com"]

[Event "Titled Tuesday Blitz January 31 Late 2023"]
[White "Tarnowska, Aleksandra"]
[Black "Sai Han Thiha"]
[WhiteFideId "1180967"]
[BlackFideId "13012290"]
[WhiteElo "1835"]
[BlackElo "2070"]
[Result "0-1"]
[Round "03"]
[TimeControl "180+2"]
[Date "2023.01.31"]
[WhiteClock "0:00:02"]
[BlackClock "0:01:00"]

1. e4 c6 2. d4 d5 3. Nc3 dxe4 4. Nxe4 Nf6 5. Nxf6+ exf6 6. Nf3 Bd6 7. Be3 O-O 8. Qd2 Be6 9. Bd3 Nd7 10. a3 b5 11. O-O Bd5 12. Nh4 Re8 13. Nf5 Bf8 14. Bf4 Nb6 15. b3 a5 16. Qd1 a4 17. Qg4 Kh8 18. c4 bxc4 19. bxc4 Nxc4 20. Qh4 g6 21. Nh6 f5 22. Bg5 Be7 23. f4 f6 0-1


[Site "https://www.chess.com"]

[Event "Titled Tuesday Blitz January 31 Late 2023"]
[White "Antonio, Jorge Carlos"]
[Black "Vaglio Mattey, Emanuel"]
[WhiteFideId "113190"]
[BlackFideId "6504167"]
[WhiteElo "2277"]
[BlackElo "2155"]
[Result "1-0"]
[Round "03"]
[TimeControl "180+2"]
[Date "2023.01.31"]
[WhiteClock "0:00:11"]
[BlackClock "0:00:29"]

1. d4 Nf6 2. Nf3 e6 3. Bf4 c5 4. e3 d5 5. c3 Be7 6. Bd3 O-O 7. Nbd2 b6 8. Ne5 Bb7 9. h4 Ne4 10. Qf3 Nxd2 11. Kxd2 cxd4 12. exd4 Nd7 13. Rae1 Nf6 14. h5 Ne4+ 15. Kc1 Rc8 16. Kb1 f5 17. Bxe4 dxe4 18. Qg3 Bd5 19. h6 g5 20. Bxg5 Bxg5 21. Rh5 Qf6 22. Rxg5+ Kh8 23. Nd7 f4 24. Qg4 Qxh6 25. Nxf8 Rxf8 26. Rh5 Qg7 27. Rg5 Qh6 28. Qh5 Qxh5 29. Rxh5 Kg7 30. Reh1 Rh8 31. Rg5+ Kf6 32. Rg4 Kf5 33. Rg7 h6 34. Rxa7 e3 35. fxe3 Bxg2 36. Rg1 f3 37. Rg7 f2 38. Rf7+ Ke4 39. Rxf2 Bf3 40. Rgf1 Bh5 41. Re1 Bg6 42. Kc1 Kd5 43. Rg1 Be4 44. Kd2 h5 45. Rh2 h4 46. Rg4 h3 47. Rg3 Bg2 48. Rgxg2 hxg2 49. Rxg2 Rf8 50. Rg4 b5 51. e4+ Kd6 52. Kd3 Rf3+ 53. Ke2 Rh3 54. Rg2 Rh1 55. Kd2 Ra1 56. Kc2 Rxa2 57. Kb3 Ra4 58. e5+ Kc6 59. Rg7 Ra1 60. Re7 Kd5 61. Rd7+ Ke4 62. Rd6 Kf5 63. Rb6 Ra5 64. Kb4 Ra2 65. b3 Ke4 66. Rxb5 Rc2 67. Rc5 Kf4 68. Kc4 Ke4 69. Rc6 Ke3 70. Rxe6 Kd2 71. Kd5 Rxc3 72. Rf6 Rc8 73. e6 Ke3 74. Ke5 Kd3 75. d5 Rc1 76. d6 Re1+ 77. Kd5 Kc3 78. Kc6 Rd1 79. Kd7 Kxb3 80. e7 Rc1 81. e8=Q Rd1 82. Rf8 Rc1 83. Qb8+ Kc2 84. Rc8+ Kd1 85. Rxc1+ Kxc1 86. Qc7+ Kd2 87. Kc8 Ke3 88. d7 Ke4 89. d8=Q Kf5 90. Qce7 Kg6 91. Qdf8 Kh5 92. Qeg7 Kh4 93. Qfh8# 1-0


[Site "https://www.chess.com"]

[Event "Titled Tuesday Blitz January 31 Late 2023"]
[White "Semenenko, Dmytry"]
[Black "Slater-Jones, Henry"]
[WhiteFideId "14118645"]
[BlackFideId "3222101"]
[WhiteElo "2113"]
[BlackElo "1826"]
[Result "0-1"]
[Round "03"]
[TimeControl "180+2"]
[Date "2023.01.31"]
[WhiteClock "0:01:08"]
[BlackClock "0:01:10"]

1. Nf3 d5 2. c4 e6 3. d4 c6 4. e3 Nf6 5. Nc3 Be7 6. Bd3 O-O 7. e4 dxe4 8. Nxe4 Nbd7 9. O-O Nxe4 10. Bxe4 Nf6 11. Bc2 c5 12. Bg5 cxd4 13. Qd3 g6 14. Nxd4 Nd7 15. Bh6 Re8 16. Qg3 Bf8 17. Bg5 Be7 18. Be3 Nf6 19. Rad1 Bd7 20. Nb5 Nh5 21. Qe5 Rc8 22. b3 a6 23. Nd6 Bxd6 24. Rxd6 Qc7 25. Rfd1 Bc6 26. Bd4 f6 27. Qe3 Qxd6 28. Bxf6 Qf4 29. Qc3 e5 30. g3 Qxf6 31. c5 Qf3 32. Qc4+ Kh8 0-1


[Site "https://www.chess.com"]

[Event "Titled Tuesday Blitz January 31 Late 2023"]
[White "Clawitter, Craig"]
[Black "Kraus, Tomas"]
[WhiteFideId "2023105"]
[BlackFideId "331708"]
[WhiteElo "2050"]
[BlackElo "2473"]
[Result "0-1"]
[Round "03"]
[TimeControl "180+2"]
[Date "2023.01.31"]
[WhiteClock "0:00:41"]
[BlackClock "0:01:36"]

1. e4 c6 2. d4 d5 3. e5 Bf5 4. Nf3 e6 5. Be2 Nd7 6. O-O Ne7 7. c3 h6 8. Nbd2 g5 9. Nb3 Ng6 10. Ne1 Nf4 11. Bxf4 gxf4 12. Bd3 Qg5 13. Bxf5 Qxf5 14. Nd3 h5 15. Qf3 Bh6 16. Nbc5 Nxc5 17. Nxc5 O-O-O 18. a4 Rdg8 19. h3 Rg5 20. a5 Rhg8 21. a6 Rxg2+ 22. Qxg2 Rxg2+ 23. Kxg2 f3+ 24. Kg1 Qg6+ 0-1


[Site "https://www.chess.com"]

[Event "Titled Tuesday Blitz January 31 Late 2023"]
[White "Vasques, Antonio Pedro Freixial"]
[Black "Harish, Neeraj"]
[WhiteFideId "1908332"]
[BlackFideId "30958130"]
[WhiteElo "2214"]
[BlackElo "2232"]
[Result "1-0"]
[Round "03"]
[TimeControl "180+2"]
[Date "2023.01.31"]
[WhiteClock "0:00:25"]
[BlackClock "0:00:01"]

1. c4 e6 2. Nf3 d5 3. d4 Nf6 4. Nc3 Be7 5. e3 O-O 6. Qc2 c6 7. a3 Nbd7 8. h3 dxc4 9. Bxc4 b5 10. Bd3 Bb7 11. O-O a6 12. Rd1 Qc7 13. e4 e5 14. Bg5 h6 15. Bh4 Rfe8 16. Bg3 Bd6 17. Rac1 exd4 18. Ne2 Bxg3 19. Nxg3 c5 20. Nxd4 Qb6 21. Ndf5 Ne5 22. Qxc5 Qxc5 23. Rxc5 Nxd3 24. Rxd3 Nxe4 25. Nxe4 Bxe4 26. Rd7 Rad8 27. Rxd8 Rxd8 28. Ng3 Bg6 29. Rc6 Rd1+ 30. Kh2 Rb1 31. b4 Ra1 32. Rxa6 Bd3 33. f4 g6 34. Ra5 Kg7 35. h4 Bc4 36. Nh1 Ra2 37. Kg3 Bd5 38. Nf2 Bc4 39. Ng4 Ra1 40. Ne3 Rc1 41. f5 Ra1 42. Kf4 Ra2 43. g4 Ra1 44. Ke5 Re1 45. Kd4 Rc1 46. Ra6 Bb3 47. f6+ Kh7 48. Ra5 1-0


[Site "https://www.chess.com"]

[Event "Titled Tuesday Blitz January 31 Late 2023"]
[White "Kaganskiy, Gleb"]
[Black "Almedina Ortiz, Edgardo J."]
[WhiteFideId "4132025"]
[BlackFideId "3100197"]
[WhiteElo "2205"]
[BlackElo "2156"]
[Result "1/2-1/2"]
[Round "03"]
[TimeControl "180+2"]
[Date "2023.01.31"]
[WhiteClock "0:00:17"]
[BlackClock "0:00:42"]

1. e4 e5 2. Nf3 Nc6 3. Bc4 Bc5 4. c3 Nf6 5. d4 exd4 6. cxd4 Bb4+ 7. Nc3 Nxe4 8. O-O Bxc3 9. d5 Bf6 10. Re1 Ne7 11. Rxe4 d6 12. Bg5 Bxg5 13. Nxg5 h6 14. Qe2 hxg5 15. Re1 Be6 16. dxe6 f6 17. Qd1 d5 18. Rd4 c6 19. Be2 Qd6 20. h3 O-O-O 21. Qa4 Kb8 22. b4 Qxe6 23. b5 c5 24. Rdd1 Qd6 25. Bg4 Ng6 26. Re6 Qf4 27. Qc2 Ne5 28. g3 Qe4 29. Qxc5 Nf3+ 30. Kf1 Nh2+ 31. Kg1 Nf3+ 32. Kf1 Nh2+ 33. Kg1 Nf3+ 1/2-1/2


[Site "https://www.chess.com"]

[Event "Titled Tuesday Blitz January 31 Late 2023"]
[White "Freile Martin, Javier"]
[Black "Aung Thant Zin"]
[WhiteFideId "3600165"]
[BlackFideId "13000063"]
[WhiteElo "2329"]
[BlackElo "2268"]
[Result "1-0"]
[Round "03"]
[TimeControl "180+2"]
[Date "2023.01.31"]
[WhiteClock "0:00:54"]
[BlackClock "0:00:27"]

1. c4 e5 2. Nc3 Nf6 3. Nf3 Nc6 4. a3 d5 5. cxd5 Nxd5 6. e4 Nb6 7. Bb5 Bd6 8. h3 O-O 9. O-O Bd7 10. Re1 a6 11. Bf1 Bc5 12. d3 Qe7 13. Be3 Rad8 14. Rc1 Bd6 15. d4 exd4 16. Nxd4 Nxd4 17. Bxd4 Be5 18. Bxb6 cxb6 19. Nd5 Qe6 20. Bc4 Qh6 21. Qb3 b5 22. Ne7+ Kh8 23. Bd5 Bxh3 24. Qxh3 Qg5 25. Nf5 g6 26. Ne3 f5 27. exf5 gxf5 28. Bf3 Rd6 29. g3 Rh6 30. Qg2 f4 31. gxf4 Qxf4 32. Ng4 Rg6 33. Nxe5 Rxg2+ 34. Bxg2 Qxf2+ 35. Kh1 Rf5 36. Rc8+ Kg7 37. Rc7+ Kh6 38. Ng4+ 1-0


[Site "https://www.chess.com"]

[Event "Titled Tuesday Blitz January 31 Late 2023"]
[White "Mosquera, Miguel"]
[Black "Ortez, Andrea"]
[WhiteFideId "4401131"]
[BlackFideId "6702392"]
[WhiteElo "2371"]
[BlackElo "1961"]
[Result "0-1"]
[Round "03"]
[TimeControl "180+2"]
[Date "2023.01.31"]
[WhiteClock "0:00:02"]
[BlackClock "0:00:17"]

1. e4 c5 2. Nf3 Nc6 3. d4 cxd4 4. Nxd4 g6 5. Nc3 Bg7 6. Be3 Nf6 7. Bc4 O-O 8. Bb3 d6 9. f3 Bd7 10. Qd2 Nxd4 11. Bxd4 b5 12. O-O b4 13. Nd5 Nxd5 14. Bxd5 Bxd4+ 15. Qxd4 Rc8 16. Rac1 Qc7 17. Qxb4 Rb8 18. Qd4 Rfc8 19. Bb3 a5 20. a4 Rb4 21. Qe3 Bxa4 22. Bxa4 Rxa4 23. c3 Rb8 24. Rb1 Ra2 25. Rf2 Qb7 26. b3 Rxf2 27. Kxf2 a4 28. b4 a3 29. Ra1 Ra8 30. Ra2 Qb5 31. Qe2 Qa4 32. Qd2 Qb3 33. h3 Rc8 34. Qc2 Qxc3 35. Qxc3 Rxc3 36. b5 Rb3 37. b6 Rb2+ 38. Kg3 Rxa2 39. b7 Rb2 40. b8=Q+ Rxb8 0-1


[Site "https://www.chess.com"]

[Event "Titled Tuesday Blitz January 31 Late 2023"]
[White "Kujawski, Adam"]
[Black "Bongo Akanga Ndjila, Barthelemy"]
[WhiteFideId "1100920"]
[BlackFideId "10609431"]
[WhiteElo "2173"]
[BlackElo "1824"]
[Result "1-0"]
[Round "03"]
[TimeControl "180+2"]
[Date "2023.01.31"]
[WhiteClock "0:01:03"]
[BlackClock "0:01:45"]

1. e4 e6 2. d4 d5 3. Nc3 Nf6 4. Bg5 Be7 5. e5 Nfd7 6. Bxe7 Qxe7 7. f4 a6 8. Nf3 c5 9. Bd3 Nc6 10. dxc5 Nxc5 11. O-O b5 12. Ne2 Nxd3 13. cxd3 Bb7 14. d4 O-O 15. Qd2 Rac8 16. Rfc1 Qc7 17. Rc5 Qb6 18. Rac1 Na5 19. b3 Bc6 20. Qc2 Qb7 21. Ng5 g6 22. Qc3 b4 23. Qh3 f6 24. exf6 Rxf6 25. Rxa5 Bb5 26. Rxc8+ Qxc8 27. Qxh7+ Kf8 28. Qh8+ 1-0


[Site "https://www.chess.com"]

[Event "Titled Tuesday Blitz January 31 Late 2023"]
[White "Gerbelli Neto, Eduardo"]
[Black "Souza, Gustavo Horokoski De"]
[WhiteFideId "2103281"]
[BlackFideId "2146584"]
[WhiteElo "2114"]
[BlackElo "1943"]
[Result "1/2-1/2"]
[Round "03"]
[TimeControl "180+2"]
[Date "2023.01.31"]
[WhiteClock "0:00:11"]
[BlackClock "0:00:05"]

1. e4 e6 2. d4 d5 3. Nc3 Nf6 4. e5 Nfd7 5. Nf3 c5 6. dxc5 Bxc5 7. Bd3 Nc6 8. Bf4 a6 9. O-O b5 10. a3 h6 11. Qe2 Nd4 12. Nxd4 Bxd4 13. Nxd5 exd5 14. e6 Nf6 15. exf7+ Kxf7 16. c3 Bc5 17. Qc2 Rf8 18. Rad1 Bd6 19. Bg6+ Kg8 20. Bg3 Qc7 21. Rd3 Ne4 22. Bxe4 Bxg3 23. Bxd5+ Kh8 24. Rxg3 Bf5 25. Be4 Bxe4 26. Qxe4 Rae8 27. Qg4 Re7 28. Rf3 Ref7 29. Rxf7 Qxf7 30. Qe2 Rb8 31. Re1 a5 32. Qe5 Rf8 33. f3 Qb3 34. Qe7 Rf7 35. Qe2 b4 36. axb4 axb4 37. cxb4 Rf6 38. Qd2 Rb6 39. Re8+ Kh7 40. Re4 Ra6 41. h3 Rg6 42. Kh2 Qf7 43. Qd3 Qc7+ 44. f4 Qc1 45. Re2 Qxf4+ 46. g3 Qc7 47. Kg2 Qb7+ 48. Kh2 Qf7 49. Qe4 Qf6 50. h4 Kg8 51. Kg2 Kh7 52. Re3 Kg8 53. Rf3 Qb6 54. Kh3 Rf6 55. Qe8+ Kh7 56. Qe4+ Kg8 57. Rxf6 Qxf6 58. Qg4 Qb6 59. Qc4+ Kh8 60. Kg2 Qb7+ 61. Kh2 Qd7 62. Qc3 Qb7 63. b3 Qd7 64. h5 Qg4 65. Qc4 Qxh5+ 66. Kg2 Qe8 67. b5 Qa8+ 68. Qc6 Qa2+ 69. Kh3 Qxb3 70. b6 Kh7 71. b7 Qb1 72. Qc8 Qh1+ 73. Kg4 Qd1+ 74. Kf4 Qd4+ 75. Kf3 Qd3+ 76. Kf4 Qd4+ 77. Kf5 Qd5+ 78. Kf4 Qd4+ 1/2-1/2


[Site "https://www.chess.com"]

[Event "Titled Tuesday Blitz January 31 Late 2023"]
[White "mestrefeitosa19"]
[Black "Nikologorsky, Matfei"]
[BlackFideId "24102474"]
[WhiteElo "2069"]
[BlackElo "2182"]
[Result "0-1"]
[Round "03"]
[TimeControl "180+2"]
[Date "2023.01.31"]
[WhiteClock "0:01:43"]
[BlackClock "0:02:20"]

1. c4 e5 2. Nc3 Nf6 3. Nf3 Nc6 4. e3 Bb4 5. Be2 O-O 6. O-O d5 7. cxd5 Nxd5 8. Qc2 Nf6 9. a3 Be7 10. Rd1 Bg4 11. h3 Bh5 12. b4 a6 13. Bb2 Re8 14. g4 Bg6 15. d4 Bxc2 0-1


[Site "https://www.chess.com"]

[Event "Titled Tuesday Blitz January 31 Late 2023"]
[White "Lucassen, Mickey"]
[Black "kiwibobo"]
[WhiteFideId "12919110"]
[WhiteElo "2023"]
[BlackElo "2087"]
[Result "1-0"]
[Round "03"]
[TimeControl "180+2"]
[Date "2023.01.31"]
[WhiteClock "0:00:19"]
[BlackClock "0:00:13"]

1. Nf3 Nf6 2. d4 g6 3. Nc3 d5 4. Bf4 Bg7 5. Nb5 Na6 6. e3 O-O 7. h3 c6 8. Na3 Nb8 9. Ne5 Nbd7 10. g4 Nxe5 11. dxe5 Nd7 12. Qd4 Qc7 13. O-O-O Bxe5 14. Bxe5 Qxe5 15. f4 Qxd4 16. Rxd4 Nf6 17. Bg2 b6 18. c4 Bb7 19. g5 Ne4 20. Bxe4 dxe4 21. Rd7 Bc8 22. Rxe7 Be6 23. h4 Rfd8 24. b3 a5 25. Rd1 Rxd1+ 26. Kxd1 a4 27. Kc2 axb3+ 28. Kxb3 b5 29. Rc7 bxc4+ 30. Nxc4 Bxc4+ 31. Kxc4 Rxa2 32. Kd4 Rh2 33. Rxc6 Rxh4 34. Kxe4 Kg7 35. Rc7 Rh1 36. Ke5 Ra1 37. Rc5 Re1 38. e4 Ra1 39. Kd6 Rf1 40. f5 gxf5 41. exf5 Rg1 42. Ke7 Rxg5 43. f6+ Kg6 44. Rxg5+ Kxg5 45. Kxf7 h5 46. Kg7 h4 47. f7 h3 48. f8=Q h2 49. Qf3 h1=Q 50. Qxh1 1-0


[Site "https://www.chess.com"]

[Event "Titled Tuesday Blitz January 31 Late 2023"]
[White "Levine, David"]
[Black "Abdyzhaparov, Aidar"]
[WhiteFideId "2011611"]
[BlackFideId "13800361"]
[WhiteElo "2040"]
[BlackElo "1978"]
[Result "0-1"]
[Round "03"]
[TimeControl "180+2"]
[Date "2023.01.31"]
[WhiteClock "0:01:00"]
[BlackClock "0:01:17"]

1. d4 d6 2. Nf3 g6 3. g3 Bg7 4. Bg2 Nc6 5. O-O e5 6. dxe5 Nxe5 7. Nxe5 Bxe5 8. Nd2 Bg7 9. Nf3 Ne7 10. c3 d5 11. Bf4 c6 12. Qb3 O-O 13. Rfe1 Qb6 14. Bd6 Re8 15. e4 Be6 16. Qa3 dxe4 17. Rxe4 Nf5 18. Bc5 Qc7 19. Rae1 b6 20. Bd4 Nxd4 21. Nxd4 Bd7 22. Rxe8+ Rxe8 23. Re7 Bf8 24. Rxe8 Bxe8 25. Qb3 c5 26. Nc2 c4 0-1


[Site "https://www.chess.com"]

[Event "Titled Tuesday Blitz January 31 Late 2023"]
[White "Vargas, Mauricio"]
[Black "Gomes, Luiz Alexandre de Souza"]
[WhiteFideId "4404572"]
[BlackFideId "2102790"]
[WhiteElo "2035"]
[BlackElo "2254"]
[Result "0-1"]
[Round "03"]
[TimeControl "180+2"]
[Date "2023.01.31"]
[WhiteClock "0:00:01"]
[BlackClock "0:01:57"]

1. e4 c5 2. Nc3 e6 3. f4 a6 4. Nf3 d6 5. d3 Nc6 6. g4 g6 7. Bg2 Bg7 8. O-O Nge7 9. Ne2 O-O 10. c3 f5 11. gxf5 gxf5 12. Ng3 Kh8 13. Kh1 Rg8 14. Rg1 Qe8 15. Qe1 Bf6 16. Bd2 Bd7 17. Rd1 Qf7 18. h4 h6 19. Bh3 Rg7 20. Rg2 Rag8 21. Kh2 b5 22. Qf2 Rg4 23. Rdg1 b4 24. Kh1 a5 25. Bxg4 fxg4 26. Nh2 Bxh4 27. Qe3 h5 28. f5 Bg5 29. Qe2 exf5 30. exf5 Nxf5 31. Bxg5 Rxg5 32. Rf1 Nxg3+ 33. Rxg3 Rf5 34. Rxf5 Qxf5 35. Qe4 Qxe4+ 36. dxe4 Ne5 37. cxb4 axb4 38. a3 Bc6 39. Re3 bxa3 40. bxa3 Kg7 41. Kg2 Kf6 42. Kg3 Kg5 43. Rb3 h4+ 44. Kg2 Kf4 45. Rb6 Bxe4+ 0-1


[Site "https://www.chess.com"]

[Event "Titled Tuesday Blitz January 31 Late 2023"]
[White "Kamsky, Gata"]
[Black "Nakamura, Hikaru"]
[WhiteFideId "2000024"]
[BlackFideId "2016192"]
[WhiteElo "2665"]
[BlackElo "2775"]
[Result "1/2-1/2"]
[Round "04"]
[TimeControl "180+2"]
[Date "2023.01.31"]
[WhiteClock "0:00:40"]
[BlackClock "0:00:02"]

1. d4 Nf6 2. Nf3 d5 3. c4 dxc4 4. e3 e6 5. Bxc4 c5 6. O-O a6 7. dxc5 Qxd1 8. Rxd1 Bxc5 9. b3 Nbd7 10. Bb2 b6 11. Be2 Bb7 12. Nc3 Ke7 13. Na4 Bd6 14. Ng5 Ne8 15. Rac1 h6 16. Nf3 b5 17. Nc3 Rc8 18. Nd4 Nef6 19. Bf3 Bxf3 20. Nxf3 Rhd8 21. Ne2 Nc5 22. h3 Nce4 23. Rxc8 Rxc8 24. Rc1 Rxc1+ 25. Nxc1 g5 26. Nd3 Nd5 27. Nd4 b4 28. Ne2 f5 29. Kf1 a5 30. Ke1 h5 31. f3 Nc5 32. Kd2 g4 33. Bd4 gxf3 34. gxf3 Nd7 35. e4 fxe4 36. fxe4 N5b6 37. Bxb6 Nxb6 38. Nd4 Kd7 39. Nf3 Bg3 40. Ke3 Kd6 41. Kd4 Nd7 42. Nd2 e5+ 43. Ke3 Kc6 44. Nc4 Kb5 45. Nd6+ Kc6 46. Nf5 h4 47. Nxg3 hxg3 48. Kf3 Nf6 49. Nxe5+ Kc5 50. Kxg3 Nxe4+ 51. Kf4 Nc3 52. h4 Kd6 53. Nc4+ Ke6 54. Nxa5 Nxa2 55. Ke4 Kf6 56. Kd4 Nc1 57. Kc4 Kg6 58. Kxb4 Nxb3 59. Kxb3 Kh5 60. Kc4 Kg4 61. Kd5 Kh5 62. Nc4 Kg4 63. h5 Kg5 64. h6 Kg6 65. Ne5+ Kxh6 1/2-1/2


[Site "https://www.chess.com"]

[Event "Titled Tuesday Blitz January 31 Late 2023"]
[White "Melkumyan, Hrant"]
[Black "Yu, Yangyi"]
[WhiteFideId "13302485"]
[BlackFideId "8603820"]
[WhiteElo "2645"]
[BlackElo "2729"]
[Result "0-1"]
[Round "04"]
[TimeControl "180+2"]
[Date "2023.01.31"]
[WhiteClock "0:00:10"]
[BlackClock "0:00:19"]

1. d4 Nf6 2. c4 e6 3. Bf4 Bb4+ 4. Nd2 Nh5 5. e3 Nxf4 6. exf4 c5 7. a3 Bxd2+ 8. Qxd2 b6 9. Nf3 O-O 10. Be2 Bb7 11. O-O Qc7 12. Rfd1 cxd4 13. Qxd4 Rd8 14. Rd2 Nc6 15. Qe3 Ne7 16. Nd4 d5 17. Rc1 Rac8 18. h4 h6 19. b4 dxc4 20. Rxc4 Qb8 21. Rxc8 Qxc8 22. Rc2 Qd7 23. Rd2 Nf5 24. Bb5 Qd5 25. Qf3 Nxd4 26. Rxd4 Qxd4 27. Qxb7 Qxf4 28. Qxa7 Rd1+ 29. Bf1 Qc4 30. Qxb6 Rxf1+ 31. Kh2 Qxh4# 0-1


[Site "https://www.chess.com"]

[Event "Titled Tuesday Blitz January 31 Late 2023"]
[White "Andreikin, Dmitry"]
[Black "Ivic, Velimir"]
[WhiteFideId "4158814"]
[BlackFideId "950122"]
[WhiteElo "2729"]
[BlackElo "2595"]
[Result "1-0"]
[Round "04"]
[TimeControl "180+2"]
[Date "2023.01.31"]
[WhiteClock "0:01:48"]
[BlackClock "0:01:08"]

1. c4 e5 2. Nc3 Nf6 3. e3 Nc6 4. a3 g6 5. b4 Bg7 6. Bb2 d6 7. d3 O-O 8. Nge2 Re8 9. g3 d5 10. cxd5 Nxd5 11. Bg2 Nxc3 12. Nxc3 Bf5 13. Ne4 Qc8 14. h4 Bg4 15. Qc2 a6 16. Rc1 Qf5 17. O-O Bh3 18. Nc5 Bxg2 19. Kxg2 Nd8 20. Qc4 c6 21. f4 exf4 22. Rxf4 Qd5+ 23. Qxd5 cxd5 24. Bxg7 Kxg7 25. Kf2 b6 26. Nd7 Ne6 27. Rf3 Red8 28. Nxb6 a5 29. Nxa8 1-0


[Site "https://www.chess.com"]

[Event "Titled Tuesday Blitz January 31 Late 2023"]
[White "Duda, Jan-Krzysztof"]
[Black "Kravtsiv, Martyn"]
[WhiteFideId "1170546"]
[BlackFideId "14113147"]
[WhiteElo "2724"]
[BlackElo "2598"]
[Result "1-0"]
[Round "04"]
[TimeControl "180+2"]
[Date "2023.01.31"]
[WhiteClock "0:00:06"]
[BlackClock "0:00:02"]

1. d4 d5 2. Nf3 Nf6 3. c4 e6 4. g3 Bb4+ 5. Bd2 Be7 6. Qc2 O-O 7. Bg2 c6 8. O-O Nbd7 9. Rd1 a5 10. Bf4 b5 11. c5 Nh5 12. e3 f5 13. a4 b4 14. Nbd2 Ba6 15. Nb3 Bc4 16. Nfd2 Bxb3 17. Nxb3 g5 18. Bd6 g4 19. h3 Nhf6 20. hxg4 Nxg4 21. Rac1 Ndf6 22. Bf4 Nh5 23. Bf3 Rf7 24. Bxg4 fxg4 25. Qe2 Nf6 26. Nd2 h5 27. e4 Qd7 28. Re1 Re8 29. Qd3 Nxe4 30. Nxe4 dxe4 31. Qxe4 Rf6 32. Qe5 Qd5 33. Qxd5 exd5 34. Re5 Rff8 35. Bh6 Bf6 36. Rxh5 Rf7 37. Be3 Re4 38. Rd1 Rh7 39. Rxh7 Kxh7 40. Kf1 Kg6 41. Ke2 Re8 42. Rh1 Bxd4 43. Rh6+ Kg7 44. Rxc6 Bxb2 45. Kd3 Be5 46. Ra6 b3 47. Rxa5 b2 48. Rb5 Ra8 49. Bd4 Bxd4 50. Kxd4 Rxa4+ 51. Kxd5 Ra2 52. Kd6 Kf6 53. c6 b1=Q 54. Rxb1 Rd2+ 55. Kc5 Rxf2 56. c7 Rc2+ 57. Kd6 Kf5 58. Re1 Rc3 59. Re8 Rd3+ 60. Kc6 Rc3+ 61. Kd7 Rd3+ 62. Ke7 Re3+ 63. Kf7 1-0


[Site "https://www.chess.com"]

[Event "Titled Tuesday Blitz January 31 Late 2023"]
[White "Moroni, Luca Jr"]
[Black "Deac, Bogdan-Daniel"]
[WhiteFideId "865834"]
[BlackFideId "1226380"]
[WhiteElo "2535"]
[BlackElo "2700"]
[Result "0-1"]
[Round "04"]
[TimeControl "180+2"]
[Date "2023.01.31"]
[WhiteClock "0:00:06"]
[BlackClock "0:00:06"]

1. d4 d5 2. c4 e6 3. Nc3 a6 4. cxd5 exd5 5. Nf3 Nf6 6. Bg5 Be6 7. e3 Nbd7 8. h3 h6 9. Bf4 Bf5 10. Bd3 Bxd3 11. Qxd3 Be7 12. O-O Nf8 13. Rfb1 Ne6 14. Be5 c6 15. b4 Nd7 16. a4 O-O 17. b5 axb5 18. axb5 Rxa1 19. Rxa1 Nxe5 20. Nxe5 Bd6 21. Nf3 Qc7 22. bxc6 bxc6 23. Rc1 Qb7 24. Qb1 Qa8 25. Qc2 Rb8 26. Rb1 g6 27. g3 h5 28. Kg2 Kg7 29. Rxb8 Qxb8 30. Ne2 Qb5 31. Nc1 c5 32. dxc5 Bxc5 33. Nb3 Be7 34. Nbd4 Nxd4 35. Nxd4 Qc4 36. Qd1 Bf6 37. h4 Bxd4 38. Qxd4+ Qxd4 39. exd4 Kf6 40. Kf1 Kf5 41. f3 g5 42. hxg5 Kxg5 43. Kg2 h4 44. Kh3 hxg3 45. Kxg3 Kf5 46. Kg2 Kf4 47. Kf2 f6 48. Ke2 Kg3 49. Ke3 f5 0-1


[Site "https://www.chess.com"]

[Event "Titled Tuesday Blitz January 31 Late 2023"]
[White "Salem, A.R. Saleh"]
[Black "Urazayev, Arystanbek"]
[WhiteFideId "9301348"]
[BlackFideId "13709810"]
[WhiteElo "2677"]
[BlackElo "2460"]
[Result "0-1"]
[Round "04"]
[TimeControl "180+2"]
[Date "2023.01.31"]
[WhiteClock "0:00:28"]
[BlackClock "0:00:28"]

1. d4 d5 2. c4 e6 3. Nc3 Nf6 4. cxd5 exd5 5. Bg5 c6 6. e3 h6 7. Bh4 Be7 8. Bd3 O-O 9. Nge2 Ne8 10. Bg3 Nd6 11. Qc2 Re8 12. O-O a5 13. Kh1 Na6 14. a3 Nc7 15. Ng1 Ne6 16. Nf3 Bf8 17. Rae1 Ng5 18. Ne5 Nge4 19. Bf4 Nxc3 20. bxc3 Be7 21. f3 Bg5 22. a4 Qf6 23. Bxg5 hxg5 24. e4 Be6 25. Qd2 Qh6 26. Rb1 f6 27. exd5 cxd5 28. Ng4 Bxg4 29. fxg4 Ne4 30. Bxe4 Rxe4 31. Rxb7 Rae8 32. Qa2 Rd8 33. Rb8 Ree8 34. Rb5 Qg6 35. h3 Qd3 36. Rf3 Qd1+ 37. Kh2 Re2 38. Rxa5 Rxa2 0-1


[Site "https://www.chess.com"]

[Event "Titled Tuesday Blitz January 31 Late 2023"]
[White "Ibarra Jerez, Jose Carlos"]
[Black "Indjic, Aleksandar"]
[WhiteFideId "2226332"]
[BlackFideId "911925"]
[WhiteElo "2563"]
[BlackElo "2618"]
[Result "0-1"]
[Round "04"]
[TimeControl "180+2"]
[Date "2023.01.31"]
[WhiteClock "0:00:04"]
[BlackClock "0:00:17"]

1. e4 e5 2. Nf3 Nc6 3. Bb5 a6 4. Bxc6 dxc6 5. O-O Bd6 6. d4 exd4 7. Qxd4 f6 8. Be3 Ne7 9. Nbd2 Be6 10. Qc3 Qd7 11. Nd4 Bf7 12. f4 O-O-O 13. N2f3 Ng6 14. g3 Rhe8 15. Nd2 Bf8 16. b4 h5 17. a4 h4 18. b5 c5 19. N4f3 hxg3 20. hxg3 Qg4 21. Kf2 axb5 22. axb5 b6 23. Ra7 Bd6 24. Rfa1 Kd7 25. Nc4 Bxc4 26. Qxc4 Ke7 27. Rh1 Ra8 28. Rxa8 Rxa8 29. Qd5 Rd8 30. Rh7 Kf8 31. Nh4 Nxh4 32. Rxh4 Qg6 33. Rh8+ Ke7 34. Rxd8 Kxd8 35. e5 fxe5 36. fxe5 Qxc2+ 37. Bd2 Qf5+ 38. Bf4 g5 39. Qg8+ Kd7 40. Qxg5 Qxg5 41. Bxg5 Bxe5 42. g4 c6 43. bxc6+ Kxc6 44. Bd8 b5 45. Kf3 Kd5 46. g5 b4 47. Ke2 c4 48. g6 b3 49. Kd1 c3 50. Bg5 Ke4 51. Bh6 Kd3 52. g7 c2+ 53. Ke1 Bxg7 0-1


[Site "https://www.chess.com"]